 Dungeon Crawl Stone Soup version 0.25-a0-566-g062765be81 (webtiles) character file.

Game seed: 6469715058696141177, levelgen mode: deterministic

322 Gargoyl the Skirmisher (level 6, -1/55 HPs)
             Began as a Centaur Abyssal Knight on Feb 28, 2020.
             Was a Believer of Lugonu.
             Slain by an orc
             ... wielding a +0 whip
              (5 damage)
             ... on level 3 of the Dungeon.
             The game lasted 00:04:26 (3728 turns).

Gargoyl the Skirmisher (Centaur Abyssal Knight)     Turns: 3728, Time: 00:04:27

Health: -1/55      AC:  6    Str: 15    XL:     6   Next: 22%
Magic:  8/8        EV:  8    Int: 11    God:    Lugonu [**....]
Gold:   98         SH:  0    Dex: 10    Spells: 5/5 levels left

rFire    . . .     SeeInvis .   a - +1 hand axe
rCold    . . .     Gourm    .   (no shield)
rNeg     . . .     Faith    .   d - +0 ring mail
rPois    .         Spirit   .   (no helmet)
rElec    .         Reflect  .   (no cloak)
rCorr    .         Harm     .   (no gloves)
MR       .....                  (no barding)
Stlth    ..........             (no amulet)
HPRegen  0.18/turn              n - ring of attention (curse)
MPRegen  0.11/turn              (no ring)

@: very quick
A: large, hooves 3, deformed body, speed 2, tough skin 3
a: Depart the Abyss, Bend Space, Renounce Religion


You were on level 3 of the Dungeon.
You worshipped Lugonu.
Lugonu was pleased with you.
You were very hungry.

You visited 1 branch of the dungeon, and saw 4 of its levels.
You visited the Abyss 1 time.

You collected 98 gold pieces.

Inventory:

Hand Weapons
 a - a +1 hand axe (weapon)
Missiles
 b - 5 boomerangs (quivered)
Armour
 d - a +0 ring mail (worn)
Jewellery
 f - a +5 amulet of reflection
 n - a cursed ring of attention (left hand)
Wands
 e - a wand of disintegration (9)
Scrolls
 h - a scroll of magic mapping
 i - 2 scrolls of teleportation
 k - a scroll of remove curse
Potions
 g - a potion of flight {unknown}
 j - a potion of lignification {unknown}
 l - 2 potions of mutation {unknown}
Comestibles
 c - 5 rations


   Skills:
 + Level 4.9 Fighting
 + Level 2.8 Axes
 * Level 2.8 Armour
 * Level 1.1 Dodging
 * Level 2.9 Invocations
 + Level 0.4 Evocations


You had 5 spell levels left.
You didn't know any spells.
Your spell library was empty.

Dungeon Overview and Level Annotations

Branches:
Dungeon (4/15)
 Temple: D:4-7

Altars:
Kikubaaqudgha
Qazlal
Ru
Vehumet
Yredelemnul
The Shining One


Innate Abilities, Weirdness & Mutations

You have hooves in place of feet.
Armour fits poorly on your strangely shaped body.
You cover ground very quickly.
You have extremely tough skin. (AC +3)


Message History

You hit the orc but do no damage.
You hear some strange, mumbled words.
A puff of flame appears from out of thin air!
The puff of flame hits you!
* * * LOW HITPOINT WARNING * * *
The orc closely misses you.
You miss something. You barely miss the orc.
Something hits you but does no damage. The orc barely misses you.
Unknown command.
You closely miss something. You hit the orc but do no damage.
Something hits you but does no damage. The orc hits you with a +0 whip.
* * * LOW HITPOINT WARNING * * *
Something completely misses you.
You miss something. You kick something. You hit the orc but do no damage.
The orc hits you with a +0 whip.
* * * LOW HITPOINT WARNING * * *
Something hits you but does no damage.
Unknown command.
You hit something. You closely miss the orc. The orc hits you with a +0 whip.
You die...

#.#. #####..# ###...##.#
#........# ##._..._..#
#####.........#
#........⌠.....
######..............
####.o@{...............
#....#########..._.....
#....# #.....#.....#...
#....# #.....#...#.....
##'#####.........###...
#...............##....
##...............#....
#...............#....
######....................


You could see an orc.

Vanquished Creatures
  A small abomination (Abyss:2)
  A hound skeleton (D:3)
  9 adders
  An ooze (D:3)
  A worm (D:3)
  A dart slug (D:3)
  2 leopard geckos
  7 orcs (D:3)
  A ball python (D:1)
  13 bats
  2 giant cockroaches
  4 goblins
  5 hobgoblins
  7 jackals (D:1)
  4 frilled lizards
  11 kobolds
  4 rats
74 creatures vanquished.

Vanquished Creatures (others)
  2 starspawn tentacles (Abyss:3)
2 creatures vanquished.

Grand Total: 76 creatures vanquished

Notes
Turn   | Place    | Note
-------+----------+-------------------------------------------
     0 | Abyss:1  | Gargoyl the Centaur Abyssal Knight began the quest for the
                  | Orb.
     0 | Abyss:1  | Reached XP level 1. HP: 19/19 MP: 2/2
    42 | Abyss:1  | Noticed a smoke demon
    75 | Abyss:2  | Noticed a small abomination
    84 | Abyss:2  | Killed a small abomination
    84 | Abyss:2  | Reached skill level 4 in Fighting
    84 | Abyss:2  | Reached XP level 2. HP: 28/28 MP: 3/3
    84 | Abyss:2  | Reached XP level 3. HP: 35/35 MP: 4/4
    84 | Abyss:2  | Reached XP level 4. HP: 41/41 MP: 5/5
    84 | Abyss:2  | Reached XP level 5. HP: 47/47 MP: 6/6
   129 | Abyss:3  | Noticed a tentacled starspawn
   130 | Abyss:3  | Noticed a starcursed mass
   144 | Abyss:3  | Noticed a flying skull
   146 | Abyss:3  | Noticed a small abomination
   150 | Abyss:3  | Noticed a blink frog
   150 | Abyss:3  | Noticed a blink frog
   158 | D:1      | Escaped the Abyss
   256 | D:1      | Reached * piety under Lugonu
  1728 | D:2      | Found a sacrificial altar of Ru.
  2013 | D:2      | Reached skill level 1 in Dodging
  2022 | D:2      | Reached ** piety under Lugonu
  2633 | D:3      | Found a basalt altar of Yredelemnul.
  2641 | D:3      | Reached XP level 6. HP: 45/55 MP: 8/8
  2670 | D:3      | Found a radiant altar of Vehumet.
  2672 | D:3      | Found a stormy altar of Qazlal.
  2860 | D:3      | Found a glowing golden altar of the Shining One.
  3196 | D:3      | Found an ancient bone altar of Kikubaaqudgha.
  3728 | D:3      | Slain by an orc

Levels and vault maps discovered:
D:1:      psy_arrival_basics, layout_loops_corners, minivault_11
D:2:      layout_loops_ring, hangedman_ru_absence, roderic_serpentine_path,
          minmay_circle_x
D:3:      minmay_door_path, layout_basic, lemuel_crystal_altar,
          grunt_temple_overflow_open, tso_altar
D:4:      layout_cave_pools, overflow_temple_1_default, grunt_dithmenos_shadows,
          first_ration, serial_bayou_ford_a

Skill      XL: |  1  2  3  4  5 |
---------------+----------------+-----
Fighting       | 4 |  4.9
Axes           | 2 |  2.8
Armour         | 2 |  2.8
Dodging        | 1 |  1.1
Invocations    | |  2.9
Evocations     | |  0.4

Action                   |  1- 3 |  4- 6 || total
-------------------------+-------+-------++-------
Melee: Hand axe          |       |   278 ||   278
       Kick              |       |    38 ||    38
Invok: Depart the Abyss  |       |     1 ||     1
Evoke: Wand              |     3 |     3 ||     6
  Use: Scroll            |       |     6 ||     6
       Potion            |       |     1 ||     1
  Eat: Chunk             |       |     6 ||     6
Armor: Ring mail         |       |   169 ||   169
       Leather armour    |       |    12 ||    12
Dodge: Dodged            |       |   146 ||   146

Table legend:
 A = Non-vault XP
 B = Vault XP
 C = Vault XP percentage of total XP
 D = Non-vault monster count
 E = Vault monster count
 F = Vault count percentage of total count
                 A         B        C        D         E       F
            +---------+---------+-------+---------+---------+-------
      Total |     415 |      46 |  10.0 |      68 |       6 |   8.1
            +---------+---------+-------+---------+---------+-------
        D:1 |      42 |       0 |   0.0 |      26 |       0 |   0.0
        D:2 |      63 |      27 |  30.0 |      17 |       3 |  15.0
        D:3 |     109 |      19 |  14.8 |      24 |       3 |  11.1
    Abyss:2 |     201 |       0 |   0.0 |       1 |       0 |   0.0
            +---------+---------+-------+---------+---------+-------
